[Event "Late-Titled-Tuesday-Blitz-April-30-2024"]
[Site "Chess.com"]
[Date "2024.04.30"]
[Round "3"]
[White "Casablanca"]
[Black "ALBERT_KLOC"]
[Result "0-1"]
[WhiteElo "2629"]
[BlackElo "2505"]
[TimeControl "180+1"]
[EndTime "14:32:07 PDT"]
[Termination "ALBERT_KLOC won by resignation"]

1. c4 c5 2. Nf3 Nc6 3. g3 g6 4. Bg2 Bg7 5. O-O d6 6. Nc3 Be6 7. d3 Qd7 8. Ng5 Bf5 9. e4 Bg4 10.
f3 Bd4+ 11. Kh1 f6 12. fxg4 fxg5 13. Bxg5 h6 14. Bf4 Nf6 15. h3 g5 16. Bd2 Ne5 17. Qe2 h5 18. Bxg5 hxg4 19. h4 Nh5 20. Kh2 O-O-O 21. Nd5 e6 22. Bxd8 Qxd8 23. Rh1 exd5 24. Raf1 dxc4 25. dxc4 Kb8 26. b3 Nc6 27. Qxg4 Be5 28.
Kg1 Nxg3 29. Rh3 Nxf1 30. Kxf1 Rf8+ 31. Kg1 Nd4 32. h5 Rg8 33. Qd1 Qg5 34. Qf1 Qg4 35. Kh1 Ne2 36. Qf3 Ng3+ 37. Kh2 Nf1+ 38. Kg1 Qxf3 39. Rxf3 Nd2 40. Rh3 Nxe4 41. h6 Nf6 42. Kf1 Kc7 43. Ke2 b6 44. Bf3 Kd7 45. Rh1 Ke7 46.
a4 Rh8 47. a5 Ng8 48. axb6 axb6 49. Ra1 Nxh6 50. Ra7+ Kf6 51. Rb7 Nf5 52. Bd5 Nd4+ 53. Ke3 Rh3+ 54. Ke4 Rh4+ 55. Ke3 Rh3+ 56. Ke4 Rxb3 57. Rf7+ Kg6 58. Rf8 Rb2 59. Rg8+ Kf6 60. Rf8+ Kg5 61. Rg8+ Kh4 62. Ke3 Rb3+ 63. Ke4 b5 64.
cxb5 Rxb5 65. Ke3 Rb1 66. Kf2 Rb2+ 67. Ke3 Re2+ 68. Kd3 Rf2 69. Be4 Rf4 70. Bd5 Nf5 71. Be6 Rd4+ 72. Ke2 Ng3+ 73. Ke3 Re4+ 74. Kf3 Rf4+ 75.
Ke3 Nf5+ 76. Ke2 Re4+ 77. Kf3 Re3+ 78. Kf2 Bg3+ 79. Kg2 Re2+ 80. Kf3 Rxe6 81. Rh8+ Rh6 82. Rg8 Nd4+ 83. Ke4 Be5 84. Rg1 Kh5 85. Kd5 Rg6 86. Rh1+ Kg5 87. Rg1+ Kf6 88. Rf1+ Ke7 89. Ra1 Rg1 90.
Ra7+ Kf6 91. Ra8 Kf5 92. Rf8+ Bf6 93. Kxd6 Nf3 94. Kd5 Rc1 95. Rf7 c4 96. Rc7 c3 97.
Kc4 c2 98. Kb3 Rb1+ 99. Kxc2 Rb6 100. Kd3 Rd6+ 101. Ke2 Ne5 102. Rc5 Re6 103. Ra5 Bg5 104. Kf2 Rb6 105. Ra2 Rb3 106. Ke2 Ng4 107. Kd1 Bf6 108. Ra5+ Be5 109. Ra8 Ke4 110. Kd2 Rb2+ 111. Kc1 Rh2 112. Ra4+ Bd4 113. Kb1 Ne3 114. Rb4 Kd3 115. Rb3+ Bc3 116. Rb8 Rh1+ 117. Ka2 Ra1+ 118. Kb3 Rb1+ 119. Ka4 Rxb8 0-1

[Event "Late-Titled-Tuesday-Blitz-April-30-2024"]
[Site "Chess.com"]
[Date "2024.04.30"]
[Round "3"]
[White "scandalgod"]
[Black "Legendinunknown"]
[Result "0-1"]
[WhiteElo "2503"]
[BlackElo "2804"]
[TimeControl "180+1"]
[EndTime "14:32:48 PDT"]
[Termination "Legendinunknown won on time"]

1. d4 Nf6 2. c4 e6 3. g3 d5 4. Nf3 Bb4+ 5. Bd2 Bd6 6. Qc2 O-O 7. Bg2 c6 8. O-O Nbd7 9. Rd1 Ne4 10. b3 f5 11. Nc3 Qf6 12. Bc1 h6 13. Bb2 g5 14.
Rac1 h5 15. Qd3 h4 16. Qe3 h3 17. Bf1 g4 18. Nh4 Nxg3 19. hxg3 f4 20. Qd3 fxg3 21.
fxg3 Qf2+ 22. Kh1 Rf6 23. e4 Qxg3 24. e5 Qxh4 25. exf6 Nxf6 26. Qg6+ Kf8 27. Rc2 Bd7 28. Bc1 Be8 29. Qh6+ Qxh6 30. Bxh6+ Kg8 31. Bg5 Nh5 32. Re2 Ng3+ 33. Kg1 Nxe2+ 34. Bxe2 Bh5 35. Rf1 Bb4 36. Nd1 c5 37. Ne3 cxd4 38. Nxg4 Bxg4 39. Bxg4 dxc4 40. Bxe6+ Kg7 41. Bxc4 Re8 42. Bf6+ Kg6 43. Kh2 Bd6+ 44. Kxh3 Re3+ 45. Kg4 Rg3+ 46. Kh4 d3 47. Bh8 Rg2 48. Bf7+ Kh7 49. Bc3 d2 50. Rd1 Rh2+ 51. Kg4 Rf2 52. Bc4 Kg6 53. Rxd2 Rf4+ 54. Kh3 Rf3+ 55. Kg2 Rg3+ 56. Kf2 Bf4 57. Rd3 Rg5 58.
Rf3 Bd6 59. Bd3+ Kh5 60. Bd2 Bc5+ 61. Ke2 Rg2+ 62. Kd1 Kg4 63. Rf4+ Kg3 64. Rc4 Rg1+ 65. Be1+ Bf2 66. Re4 Kf3 67. Re2 Be3 68. Bc4 a6 69. Bd5+ Kf4 70. Kc2 b5 71. Kd3 Bc5 72. Bd2+ Kf5 73.
Be4+ Kf6 74. Be3 Rg3 75. Kd2 Bb4+ 76. Kc2 Ke5 77. Bd3 Kd5 78. Bc1 Bc5 79. Bb2 Kc6 80. Be4+ Kb6 81. a3 a5 82. Bd3 Bd6 83. Bd4+ Kc7 84.
Bb2 Kc6 85. a4 bxa4 86. bxa4 Rg4 87. Bb5+ Kb6 88. Bc3 Bb4 89. Re6+ Kb7 90. Bc6+ Kc7 91. Be5+ Kb6 92. Bb5+ Kc5 93. Bd6+ Kd5 94. Rh6 Bxd6 95. Rh5+ Be5 96. Rf5 Rg3 97. Kd2 Kd4 98. Rf8 Ke4 99. Ke2 Bf4 100. Kf1 Rf3+ 101. Ke2 Rc3 102. Kf2 Rc2+ 103. Ke1 Rc1+ 104. Ke2 Rc2+ 105. Kd1 Rd2+ 106. Ke1 Rd6 107. Re8+ Kf3 108. Be2+ Kg3 109. Bd1 Bd2+ 110. Ke2 Bg5 111. Bb3 Rd2+ 112. Ke1 Rb2 113. Bc4 Bf4 114. Bb5 Kf3 115. Kf1 Rb1+ 116. Re1 Rb3 117. Rd1 Be3 118. Rd3 Rb1+ 0-1

[Event "Late-Titled-Tuesday-Blitz-April-30-2024"]
[Site "Chess.com"]
[Date "2024.04.30"]
[Round "3"]
[White "Slovak_fighter2000"]
[Black "Yerkinio"]
[Result "1/2-1/2"]
[WhiteElo "2474"]
[BlackElo "2653"]
[TimeControl "180+1"]
[EndTime "14:33:05 PDT"]
[Termination "Game drawn by stalemate"]

1. d4 Nf6 2. Nf3 e6 3. c4 b6 4. a3 Bb7 5. Nc3 d5 6. cxd5 Nxd5 7. Qc2 Nxc3 8. bxc3 c5 9. e4 Nd7 10. Bd3 Qc7 11. Qe2 cxd4 12. O-O dxc3 13. Rd1 a6 14.
Be3 Bc5 15. Rdc1 Bxe3 16. Qxe3 O-O 17. Rab1 Rac8 18. h4 b5 19. Rc2 Qc5 20. Qc1 Ne5 21. Nxe5 Qxe5 22. Rb3 h6 23. Rbxc3 Rxc3 24. Rxc3 Rd8 25.
Qc2 Rd4 26. f3 g6 27. Qf2 Qd6 28. Bf1 Kg7 29. Qe3 e5 30. Kh2 Qe7 31. Kg3 Rd1 32. Qe2 Ra1 33. Qd3 Qf6 34. Rc7 Bxe4 35. Qxe4 Rxf1 36. Rc5 Qf4+ 37. Qxf4 exf4+ 38. Kxf4 Ra1 39. Rc3 Rh1 40. g3 Ra1 41. g4 Ra2 42. Kg3 Ra1 43. Kf4 Ra2 44. Kg3 Rd2 45. Rc6 a5 46. Ra6 b4 47.
Rxa5 b3 48. Rb5 b2 49. a4 g5 50. hxg5 hxg5 51. Rxg5+ Kf6 52. Rb5 Ke6 53. a5 Rc2 54. a6 Rc6 55. a7 Ra6 56. Rxb2 Rxa7 57. Rb6+ Ke7 58. Kf4 Kf8 59. Kg5 Kg7 60. Kf4 Ra4+ 61. Kg3 Ra3 62. g5 Rc3 63. Kg4 Rc1 64. f4 Rc4 65.
Rb5 Rd4 66. Kf5 Ra4 67. Rd5 Rb4 68. Ke5 Rb1 69. Rd7 Rb5+ 70. Ke4 Rb4+ 71. Rd4 Rb1 72. Kf5 Rb5+ 73. Kg4 Rb1 74. Rd3 Rb2 75. f5 Rg2+ 76. Kf4 Rf2+ 77. Rf3 Ra2 78. Kg4 Rg2+ 79. Kf4 Ra2 80.
Re3 Rf2+ 81. Ke5 Rg2 82. Kf4 Rf2+ 83. Rf3 Rb2 84. Kg4 Rb4+ 85. Rf4 Rb1 86. Rd4 Rg1+ 87. Kf4 Rf1+ 88. Ke5 Rg1 89. Kf4 Rf1+ 90. Kg4 Rg1+ 91. Kh5 Rh1+ 92. Rh4 Rf1 93. f6+ Kg8 94. Kh6 Rg1 95. Rh3 Rg2 96. Rh4 Rg3 97. Kh5 Rg2 98. Rg4 Rh2+ 99. Rh4 Rg2 100. Rc4 Rh2+ 101. Kg4 Rg2+ 102. Kf5 Rf2+ 103. Rf4 Rg2 104. Rg4 Rf2+ 105. Ke4 Re2+ 106. Kf3 Re1 107. Kf2 Ra1 108. Kg3 Rg1+ 109. Kh4 Rh1+ 110. Kg3 Rg1+ 111. Kh3 Rh1+ 112. Kg2 Rb1 113. Rf4 Rb2+ 114. Kg3 Rb1 115. Kg4 Rg1+ 116. Kf5 Re1 117. g6 fxg6+ 118. Kxg6 Rg1+ 119. Kf5 Kf7 120. Rf3 Rg6 121. Ke5 Rg5+ 122. Rf5 Rxf5+ 123. Kxf5 Kf8 124. Kg6 Kg8 125. f7+ Kf8 126. Kf6 1/2-1/2

[Event "Late-Titled-Tuesday-Blitz-April-30-2024"]
[Site "Chess.com"]
[Date "2024.04.30"]
[Round "4"]
[White "PapaieDudu"]
[Black "BabageldiAnnaberdiyev"]
[Result "0-1"]
[WhiteElo "2390"]
[BlackElo "2615"]
[TimeControl "180+1"]
[EndTime "14:35:53 PDT"]
[Termination "BabageldiAnnaberdiyev won by resignation"]

1. Nf3 e6 2. d4 d5 3. c4 f5 4.
Nc3 Nf6 5. g3 c6 6. Bg2 Bd6 7.
O-O Nbd7 8. Bf4 Qe7 9. Ne5 O-O 10. e3 Ne4 11. Nxe4 fxe4 12. Nxd7 Bxd7 13. Bxd6 Qxd6 14.
c5 Qe7 15. f4 exf3 16. Rxf3 e5 17. Qb3 Rxf3 18. Bxf3 Rf8 19. Rf1 Bh3 20. Rf2 exd4 21. Bg2 Rxf2 22. Kxf2 Qxe3+ 23. Qxe3 dxe3+ 24. Kg1 e2 0-1

[Event "Late-Titled-Tuesday-Blitz-April-30-2024"]
[Site "Chess.com"]
[Date "2024.04.30"]
[Round "4"]
[White "pirulillo"]
[Black "Payyappat"]
[Result "1-0"]
[WhiteElo "2327"]
[BlackElo "2489"]
[TimeControl "180+1"]
[EndTime "14:36:12 PDT"]
[Termination "pirulillo won by resignation"]

1. e4 c6 2. d4 d5 3. Nc3 dxe4 4. Nxe4 Nf6 5. Nxf6+ exf6 6. c3 Bd6 7. Bd3 O-O 8.
Ne2 Re8 9. O-O Bg4 10. Qc2 h5 11. h3 Bxe2 12. Bxe2 h4 13. Bc4 Nd7 14. Qg6 Qe7 15.
Bh6 Qf8 16. Qf5 Nb6 17. Bd3 1-0

[Event "Late-Titled-Tuesday-Blitz-April-30-2024"]
[Site "Chess.com"]
[Date "2024.04.30"]
[Round "4"]
[White "Ajedrez_con_German"]
[Black "conformalfunction"]
[Result "1-0"]
[WhiteElo "2624"]
[BlackElo "2403"]
[TimeControl "180+1"]
[EndTime "14:36:25 PDT"]
[Termination "Ajedrez_con_German won by resignation"]

1. a3 g6 2. Nf3 Nf6 3. d4 Bg7 4. Bf4 d6 5. e3 O-O 6. h3 Nfd7 7.
Bh2 e5 8. Be2 c6 9. O-O Re8 10.
c4 e4 11. Nfd2 d5 12. Nc3 Nf6 13. Rc1 Be6 14. cxd5 Bxd5 15. Nc4 Bxc4 16. Bxc4 Nbd7 17. Qb3 Qe7 18. Qxb7 c5 19. dxc5 Nxc5 20. Qxe7 Rxe7 21. Bd6 Bf8 22. Bxc5 1-0

[Event "Late-Titled-Tuesday-Blitz-April-30-2024"]
[Site "Chess.com"]
[Date "2024.04.30"]
[Round "4"]
[White "FMalexhdez"]
[Black "Carlitus2004"]
[Result "0-1"]
[WhiteElo "2246"]
[BlackElo "2489"]
[TimeControl "180+1"]
[EndTime "14:36:31 PDT"]
[Termination "Carlitus2004 won by resignation"]

1. e4 e6 2. d4 a6 3. Nf3 d5 4. Nc3 Nf6 5. e5 Nfd7 6. g3 c5 7. dxc5 Nc6 8. Bf4 Bxc5 9. Qd2 h6 10. h4 b5 11. Bh3 Bb7 12. O-O Qb6 13. Nxd5 exd5 14. e6 fxe6 15. Bxe6 O-O-O 16. Qxd5 Nd4 17. Qe5 Nxf3+ 0-1

[Event "Late-Titled-Tuesday-Blitz-April-30-2024"]
[Site "Chess.com"]
[Date "2024.04.30"]
[Round "4"]
[White "reevecanada"]
[Black "IngOscarArdila"]
[Result "1-0"]
[WhiteElo "2637"]
[BlackElo "2329"]
[TimeControl "180+1"]
[EndTime "14:36:34 PDT"]
[Termination "reevecanada won by resignation"]

1. e4 e5 2. Nf3 Nf6 3. Nxe5 d6 4. Nxf7 Kxf7 5. Bc4+ Be6 6. Bxe6+ Kxe6 7. O-O Kf7 8. Nc3 Be7 9. d4 Rf8 10. f4 Kg8 11. Be3 c5 12. dxc5 dxc5 13. Qf3 Nc6 14. e5 Ne8 15. Rad1 Nd4 16. Qxb7 Rb8 17. Qxa7 Rxb2 18.
Bxd4 cxd4 19. Rxd4 Qc8 20. Qxe7 Qxc3 21. Qe6+ Kh8 22.
Rc4 Qe3+ 23. Kh1 Qe4 24. Rxe4 1-0

[Event "Late-Titled-Tuesday-Blitz-April-30-2024"]
[Site "Chess.com"]
[Date "2024.04.30"]
[Round "4"]
[White "realburq"]
[Black "Bugcrusher"]
[Result "1-0"]
[WhiteElo "2389"]
[BlackElo "2514"]
[TimeControl "180+1"]
[EndTime "14:36:34 PDT"]
[Termination "realburq won by checkmate"]

1. e4 e6 2. d4 d5 3. e5 c5 4. Nf3 Nc6 5. Bd3 Bd7 6. O-O f6 7. c4 fxe5 8. cxd5 exd5 9. dxe5 Qc7 10. e6 Bxe6 11. Re1 Kd7 12. Ng5 Nd4 13. Nxe6 Nxe6 14. Bf5 Re8 15. Qxd5+ Qd6 16. Qxb7+ Kd8 17. Bg5+ Nf6 18.
Nc3 Nd4 19. Qc8# 1-0

[Event "Late-Titled-Tuesday-Blitz-April-30-2024"]
[Site "Chess.com"]
[Date "2024.04.30"]
[Round "4"]
[White "e4evr"]
[Black "Sergey_70"]
[Result "0-1"]
[WhiteElo "2211"]
[BlackElo "2481"]
[TimeControl "180+1"]
[EndTime "14:36:58 PDT"]
[Termination "Sergey_70 won by checkmate"]

1. Nf3 d6 2. e4 Nf6 3. Nc3 e5 4. Bc4 Be7 5. d3 O-O 6. h3 c6 7. a4 Be6 8. Be3 d5 9. Nxe5 dxc4 10. Nxc4 Bxc4 11. dxc4 Bb4 12. Qf3 Bxc3+ 13. bxc3 Qe7 14.
Rb1 b6 15. O-O Qxe4 16. Qg3 Nbd7 17. Bg5 Qxc2 18. Rbc1 Qg6 19. Rfd1 h6 20. Bxf6 Qxg3 21. fxg3 Nxf6 22. Rd6 Rfc8 23. c5 Ne4 24. Rd5 cxd5 25. c4 d4 26. a5 bxc5 27. Rc3 dxc3 28. a6 c2 29. h4 c1=Q+ 30. Kh2 Nf2 31. h5 Qh1# 0-1

[Event "Late-Titled-Tuesday-Blitz-April-30-2024"]
[Site "Chess.com"]
[Date "2024.04.30"]
[Round "4"]
[White "Dhaydon19"]
[Black "Arystanner"]
[Result "1-0"]
[WhiteElo "2621"]
[BlackElo "2839"]
[TimeControl "180+1"]
[EndTime "14:37:16 PDT"]
[Termination "Dhaydon19 won by resignation"]

1. e4 e6 2. Nc3 d5 3. d4 Nf6 4. exd5 exd5 5. Bd3 Bd6 6. h3 O-O 7. Nge2 h6 8. O-O Re8 9. Bf4 Nc6 10. Bxd6 Qxd6 11.
Qd2 Ne7 12. Ng3 Bd7 13. Rfe1 c6 14. Re2 Ng6 15. Bxg6 fxg6 16. Rae1 g5 17. Re5 Qf8 18. a3 Qf7 19. f4 Nh7 20. fxg5 Nxg5 21. h4 Rxe5 22.
dxe5 Ne6 23. Rf1 Qe7 24. Nf5 Qc5+ 25. Kh2 d4 26. Ne4 Qxe5+ 27. Neg3 Rf8 28. Ne7+ Kh7 29. Qd3+ 1-0

[Event "Late-Titled-Tuesday-Blitz-April-30-2024"]
[Site "Chess.com"]
[Date "2024.04.30"]
[Round "4"]
[White "LeninGuerra"]
[Black "ImportedItalianMaple"]
[Result "1-0"]
[WhiteElo "2670"]
[BlackElo "2441"]
[TimeControl "180+1"]
[EndTime "14:37:22 PDT"]
[Termination "LeninGuerra won by resignation"]

1. e4 g6 2. d4 Bg7 3. Nf3 d6 4. Nc3 a6 5. a4 b6 6. Be2 Bb7 7. O-O e6 8. Re1 Nd7 9. Bg5 Ne7 10. h3 h6 11. Bh4 Nf6 12. Bf1 g5 13. Bg3 Ng6 14.
e5 dxe5 15. dxe5 Nd5 16. Nxd5 Qxd5 17. a5 b5 18. c4 bxc4 19. Qa4+ Bc6 20. Qa3 Bb5 21.
Rad1 Qb7 22. Nd4 Ne7 23. Be2 Nd5 24. Bh5 c6 25. Nxe6 Bf8 26. Nxf8 Rxf8 27. e6 O-O-O 28. e7 Nxe7 29. Rxe7 1-0

[Event "Late-Titled-Tuesday-Blitz-April-30-2024"]
[Site "Chess.com"]
[Date "2024.04.30"]
[Round "4"]
[White "HipsterChess22"]
[Black "stasOR4ik"]
[Result "0-1"]
[WhiteElo "2189"]
[BlackElo "2463"]
[TimeControl "180+1"]
[EndTime "14:37:22 PDT"]
[Termination "stasOR4ik won by resignation"]

1. d4 e6 2. Nc3 d5 3. e4 dxe4 4. Nxe4 Nf6 5. Nxf6+ gxf6 6. g3 Bd7 7. Bg2 Bc6 8. Nf3 h5 9. O-O h4 10. Nxh4 Rxh4 11. gxh4 Qd6 12. f4 Bxg2 13. Kxg2 Nc6 14. c3 O-O-O 15. Qf3 Ne7 16. Kh1 Nf5 17. h5 Bh6 18.
Be3 Nh4 19. Qh3 Qd5+ 20. Kg1 Rg8+ 21. Kf2 Rg2+ 22. Ke1 Qe4 23. Kd1 Qd3+ 0-1

[Event "Late-Titled-Tuesday-Blitz-April-30-2024"]
[Site "Chess.com"]
[Date "2024.04.30"]
[Round "4"]
[White "marvinguevara"]
[Black "Hikaru"]
[Result "0-1"]
[WhiteElo "2210"]
[BlackElo "3200"]
[TimeControl "180+1"]
[EndTime "14:37:30 PDT"]
[Termination "Hikaru won by resignation"]

1. e4 h5 2. d4 c6 3. Nf3 d5 4. e5 Bg4 5. h3 Bxf3 6. Qxf3 e6 7.
Bd3 c5 8. c3 Nc6 9. O-O cxd4 10. Bb5 dxc3 11. Nxc3 Ne7 12. Bg5 a6 13. Bxc6+ bxc6 14. Rfd1 Qb8 15. Ne2 Ng6 16. Qc3 c5 17. f4 c4 18. Kh1 Qb4 19. Qc2 Be7 20. Bxe7 Nxe7 21. Nd4 g6 22. Rac1 Nf5 23. Nxf5 gxf5 24. b3 Rc8 25. Qf2 c3 26. Rd4 Qc5 27. Rc2 a5 28.
Qe3 Rg8 29. Qd3 h4 30. Ra4 Rg3 31. Qa6 Qc6 32. Qxc6+ Rxc6 33. Rxa5 d4 34. Ra8+ Kd7 35. Ra7+ Rc7 36. Ra4 d3 37. Rd4+ Ke7 38. Rc1 d2 39. Rc2 Rd7 0-1

[Event "Late-Titled-Tuesday-Blitz-April-30-2024"]
[Site "Chess.com"]
[Date "2024.04.30"]
[Round "4"]
[White "ELPRIMO0O0"]
[Black "Kostukov_Alex"]
[Result "1-0"]
[WhiteElo "2555"]
[BlackElo "2380"]
[TimeControl "180+1"]
[EndTime "14:37:31 PDT"]
[Termination "ELPRIMO0O0 won by resignation"]

1. e4 c5 2. d3 g6 3. g3 Bg7 4. Bg2 Nc6 5. f4 d6 6. Nf3 e5 7. O-O Nge7 8. f5 gxf5 9. Nh4 fxe4 10. dxe4 Ng6 11. Nf5 Bf8 12. Nc3 Be6 13. Nd5 Kd7 14.
c3 Kc8 15. Be3 Nce7 16. Nf6 Nxf5 17. exf5 Qxf6 18. fxe6 Qxe6 19. Qh5 Be7 20. Bh3 1-0

[Event "Late-Titled-Tuesday-Blitz-April-30-2024"]
[Site "Chess.com"]
[Date "2024.04.30"]
[Round "4"]
[White "Legendinunknown"]
[Black "DucksParadise"]
[Result "1-0"]
[WhiteElo "2808"]
[BlackElo "2594"]
[TimeControl "180+1"]
[EndTime "14:37:34 PDT"]
[Termination "Legendinunknown won by resignation"]

1. e4 e5 2. Nc3 Nf6 3. Bc4 Nxe4 4. Qh5 Nd6 5. Bb3 Be7 6. Nf3 O-O 7. h4 Nc6 8. Ng5 h6 9. Qg6 Bxg5 10. hxg5 Qxg5 11.
Qxg5 hxg5 12. d3 Nd4 13. Nd5 N6f5 14. Bxg5 Nxb3 15. Nf6+ gxf6 16. Bxf6 Ng7 17. axb3 Re8 18. g4 d6 19. Kd2 Bxg4 20. Rh6 Re6 21. Rah1 Bh5 22.
R1xh5 1-0

[Event "Late-Titled-Tuesday-Blitz-April-30-2024"]
[Site "Chess.com"]
[Date "2024.04.30"]
[Round "4"]
[White "Nick12772"]
[Black "ChessSwole"]
[Result "1/2-1/2"]
[WhiteElo "2433"]
[BlackElo "2677"]
[TimeControl "180+1"]
[EndTime "14:37:38 PDT"]
[Termination "Game drawn by repetition"]

1. Nf3 Nf6 2. g3 d5 3. Bg2 Bg4 4. O-O Nbd7 5. d4 e6 6. c4 c6 7. b3 Bd6 8. Nbd2 O-O 9. Bb2 a5 10. a3 Re8 11. Rc1 h6 12. Re1 Qe7 13. Ra1 e5 14.
dxe5 Nxe5 15. Nxe5 Bxe5 16. Bxe5 Qxe5 17. Nf3 Bxf3 18.
exf3 Qxe1+ 19. Qxe1 Rxe1+ 20. Rxe1 a4 21. bxa4 Rxa4 22.
cxd5 Nxd5 23. Re8+ Kh7 24. Rb8 b5 25. f4 Rxa3 26.
Bxd5 cxd5 27. Rxb5 Rd3 28. f5 h5 29. Rb7 f6 30.
Rd7 Kh6 31. h4 g6 32. Rd6 Kg7 33. Rd7+ Kh6 34. Rd6 Kg7 35. Rd7+ Kh6 1/2-1/2

[Event "Late-Titled-Tuesday-Blitz-April-30-2024"]
[Site "Chess.com"]
[Date "2024.04.30"]
[Round "4"]
[White "duone"]
[Black "Casablanca"]
[Result "0-1"]
[WhiteElo "2413"]
[BlackElo "2633"]
[TimeControl "180+1"]
[EndTime "14:37:45 PDT"]
[Termination "Casablanca won by checkmate"]

1. e4 c5 2. Nf3 d6 3. d4 cxd4 4. Nxd4 Nf6 5. Nc3 g6 6. Be3 Bg7 7. f3 O-O 8. Qd2 Nc6 9. g4 Nxd4 10. Bxd4 Be6 11. O-O-O Qa5 12. Kb1 Rfc8 13. a3 Rab8 14. h4 b5 15. h5 b4 16. Ne2 Qa4 17. b3 Bxb3 18. cxb3 Qxb3+ 19. Ka1 Rc2 20. Nc1 Qxa3+ 21. Kb1 Rxd2 22. Rxd2 Qxf3 23. Bg2 Qxg4 24. hxg6 hxg6 25. Nd3 Nxe4 26. Bxe4 Qxe4 27. Bxg7 Kxg7 28. Re1 Qh4 29. Rde2 Rc8 30. Rxe7 Qc4 31. Nb2 Qc2+ 32. Ka1 Rc5 33. Rxa7 b3 34. Rb1 Qc3 35. Ra3 Ra5 36. Rc1 Rxa3+ 37.
Kb1 Ra1+ 38. Kxa1 Qxc1# 0-1

[Event "Late-Titled-Tuesday-Blitz-April-30-2024"]
[Site "Chess.com"]
[Date "2024.04.30"]
[Round "4"]
[White "gtnamfrq"]
[Black "vladoboch"]
[Result "1-0"]
[WhiteElo "2314"]
[BlackElo "2488"]
[TimeControl "180+1"]
[EndTime "14:37:45 PDT"]
[Termination "gtnamfrq won by resignation"]

1. e4 c5 2. Nf3 Nc6 3. Bb5 e6 4. Bxc6 bxc6 5. b3 d6 6. e5 dxe5 7. Nxe5 Qg5 8. Nf3 Qxg2 9. Rg1 Qh3 10. Bb2 Qh6 11. Qe2 Ne7 12. Nc3 Ng6 13. Ne4 Be7 14.
O-O-O a5 15. Qe3 Qxe3 16. dxe3 O-O 17. h4 h5 18. Ng3 e5 19. Nxh5 Bd6 20. Rxd6 1-0

[Event "Late-Titled-Tuesday-Blitz-April-30-2024"]
[Site "Chess.com"]
[Date "2024.04.30"]
[Round "4"]
[White "2346PL"]
[Black "kalxandria"]
[Result "1-0"]
[WhiteElo "2481"]
[BlackElo "2233"]
[TimeControl "180+1"]
[EndTime "14:37:48 PDT"]
[Termination "2346PL won by checkmate"]

1. Nf3 Nf6 2. g3 e6 3. Bg2 d5 4. O-O Be7 5. d4 O-O 6. c4 c6 7. b3 b6 8. Ne5 Bb7 9. Nc3 Nbd7 10. Bb2 Rc8 11. Rc1 c5 12. Nxd7 Qxd7 13. dxc5 Bxc5 14.
cxd5 exd5 15. e3 Rfd8 16. Ne2 Ne4 17. Nd4 Ba6 18. Re1 Bb4 19. Qh5 Bxe1 20. Rxe1 g6 21.
Qh6 Qe7 22. Nc6 Qf8 23. Ne7+ Qxe7 24. Qg7# 1-0

[Event "Late-Titled-Tuesday-Blitz-April-30-2024"]
[Site "Chess.com"]
[Date "2024.04.30"]
[Round "4"]
[White "SandwichOSaumon"]
[Black "campochess"]
[Result "1-0"]
[WhiteElo "2397"]
[BlackElo "2160"]
[TimeControl "180+1"]
[EndTime "14:37:50 PDT"]
[Termination "SandwichOSaumon won by resignation"]

1. e4 c5 2. Nf3 Nc6 3. Bb5 e5 4. Bxc6 dxc6 5. c3 Bd6 6. d4 cxd4 7. cxd4 exd4 8. Qxd4 Kf8 9. Nc3 Bg4 10. Be3 Qe7 11. e5 Bc7 12. Qxg4 h5 13. Qg5 Qb4 14. O-O Ne7 15.
a3 Qg4 16. h3 Qe6 17. Rad1 Nf5 18. Bc5+ Kg8 19. Nd4 Nxd4 20. Rxd4 Rh6 21. Bd6 Bd8 22. Qd2 Bb6 23. Rd3 Re8 24. Rg3 f6 25. Qxh6 1-0

[Event "Late-Titled-Tuesday-Blitz-April-30-2024"]
[Site "Chess.com"]
[Date "2024.04.30"]
[Round "4"]
[White "jefferyx"]
[Black "baki83"]
[Result "1-0"]
[WhiteElo "3099"]
[BlackElo "2904"]
[TimeControl "180+1"]
[EndTime "14:37:55 PDT"]
[Termination "jefferyx won by resignation"]

1. c4 e5 2. Nc3 Nc6 3. g3 Nf6 4.
Bg2 Bc5 5. e3 d6 6. Nge2 a6 7.
a3 Ba7 8. b4 h5 9. h3 Bf5 10.
d3 Qd7 11. Rb1 Rb8 12. e4 Be6 13. Be3 Bxe3 14. fxe3 h4 15. g4 Nh7 16. Ng1 Ng5 17. Nf3 Nxf3+ 18. Qxf3 Nd8 19. O-O f6 20. a4 Nf7 21. a5 Ng5 22. Qf2 Kf7 23. b5 axb5 24. Rxb5 b6 25. Rfb1 Bxg4 26. hxg4 Qxg4 27. Kh2 1-0

[Event "Late-Titled-Tuesday-Blitz-April-30-2024"]
[Site "Chess.com"]
[Date "2024.04.30"]
[Round "4"]
[White "2L8IWUN"]
[Black "margarita_2703"]
[Result "0-1"]
[WhiteElo "2047"]
[BlackElo "2318"]
[TimeControl "180+1"]
[EndTime "14:38:00 PDT"]
[Termination "margarita_2703 won by resignation"]

1. d4 d5 2. Nf3 Nf6 3. Bf4 Bf5 4. e3 e6 5. Bd3 Bd6 6. Bxd6 Qxd6 7. O-O Bxd3 8.
Qxd3 O-O 9. c4 c6 10. c5 Qc7 11. Ne5 Nbd7 12. f4 Ne4 13. Nc3 Nxc3 14. Qxc3 f6 15.
Nxd7 Qxd7 16. b4 Rf7 17. a4 Re8 18. Rab1 a6 19. b5 axb5 20. axb5 Rfe7 21. bxc6 bxc6 22. Rb6 e5 23. fxe5 fxe5 24. Qb2 exd4 25. exd4 Re2 26.
Qc3 Qg4 27. Qf3 Qxd4+ 28. Kh1 Re1 29. Rb7 Rxf1+ 30. Qxf1 Qf6 31. Qxf6 Re1+ 0-1

[Event "Late-Titled-Tuesday-Blitz-April-30-2024"]
[Site "Chess.com"]
[Date "2024.04.30"]
[Round "4"]
[White "Umumba_FM"]
[Black "ChadBiryani"]
[Result "1-0"]
[WhiteElo "2702"]
[BlackElo "2489"]
[TimeControl "180+1"]
[EndTime "14:38:02 PDT"]
[Termination "Umumba_FM won by checkmate"]

1. Nc3 f5 2. e4 d6 3. exf5 Bxf5 4. g4 Bd7 5. g5 Bc6 6. Nf3 e5 7. h4 Ne7 8. Bg2 Ng6 9. d4 Be7 10. d5 Bd7 11. h5 Nf4 12. Bxf4 exf4 13. Ne4 Bf5 14.
Qd4 O-O 15. h6 gxh6 16. gxh6 Bf6 17. Nxf6+ Qxf6 18. O-O-O Nd7 19. Qxf4 Kh8 20. Qd4 Ne5 21. Nxe5 dxe5 22. Qc3 Qg5+ 23. Kb1 Rae8 24. Rdg1 Qf4 25. Qxc7 Rg8 26. Bf1 Qxf2 27. Rxg8+ Rxg8 28. Qxe5+ Rg7 29. Qxg7# 1-0

[Event "Late-Titled-Tuesday-Blitz-April-30-2024"]
[Site "Chess.com"]
[Date "2024.04.30"]
[Round "4"]
[White "ACollins05"]
[Black "h4parah5"]
[Result "0-1"]
[WhiteElo "2580"]
[BlackElo "3031"]
[TimeControl "180+1"]
[EndTime "14:38:07 PDT"]
[Termination "h4parah5 won by resignation"]

1. d4 Nf6 2. c4 e6 3. Nf3 c5 4. d5 exd5 5. cxd5 d6 6. Nc3 g6 7.
e4 a6 8. a4 Bg4 9. Be2 Bg7 10.
Bf4 O-O 11. h3 Bxf3 12. Bxf3 Qe7 13. O-O Nbd7 14. Re1 Ne8 15. Qb3 Rb8 16. a5 Nc7 17. Bg4 Ne5 18. Be2 Nd7 19. Bg4 b5 20. Bxd7 Qxd7 21. Rad1 Rfe8 22. h4 h5 23. Nb1 Rbd8 24. Bg5 f6 25. Bf4 f5 26. exf5 Qxf5 27. Qg3 Rxe1+ 28.
Rxe1 Nxd5 29. Bxd6 Nb4 30. Nc3 Nd3 31. Re7 Rxd6 32.
Qxd6 Qxf2+ 33. Kh2 Qxh4+ 34. Kg1 Bd4+ 35. Qxd4 Qxd4+ 0-1

[Event "Late-Titled-Tuesday-Blitz-April-30-2024"]
[Site "Chess.com"]
[Date "2024.04.30"]
[Round "4"]
[White "DeArron_Fox"]
[Black "GolfBeforeChess"]
[Result "1-0"]
[WhiteElo "2505"]
[BlackElo "2319"]
[TimeControl "180+1"]
[EndTime "14:38:09 PDT"]
[Termination "DeArron_Fox won by resignation"]

1. d4 Nf6 2. c4 e6 3. Nf3 c5 4. d5 exd5 5. cxd5 d6 6. Nc3 g6 7. Nd2 Nbd7 8. e4 Bg7 9. Be2 a6 10. a4 O-O 11. O-O Rb8 12. Re1 Ne8 13. a5 Nc7 14.
Nc4 Ne5 15. Nb6 Na8 16. Nxc8 Qxc8 17. f4 Nd7 18. Bc4 b5 19. axb6 Rxb6 20. e5 dxe5 21. d6 exf4 22. Nd5 Bd4+ 23. Kh1 Rxd6 24. Ne7+ Kg7 25.
Nxc8 Rxc8 26. Bxf4 Rb6 27. Re7 Rf6 28. Bg5 Rf5 29.
Rxd7 Nb6 30. Rxf7+ Rxf7 31. Bxf7 Kxf7 32. Qb3+ 1-0

[Event "Late-Titled-Tuesday-Blitz-April-30-2024"]
[Site "Chess.com"]
[Date "2024.04.30"]
[Round "4"]
[White "Mackster23"]
[Black "Cayse"]
[Result "1-0"]
[WhiteElo "2609"]
[BlackElo "2790"]
[TimeControl "180+1"]
[EndTime "14:38:15 PDT"]
[Termination "Mackster23 won by resignation"]

1. e4 c6 2. d4 d5 3. e5 Bf5 4. Nf3 e6 5. Be2 Ne7 6. c3 h6 7. O-O Nd7 8. Na3 g5 9. Nc2 Qc7 10. Ne3 Bg6 11. h4 O-O-O 12. hxg5 hxg5 13. Ng4 Bf5 14. Nxg5 Bg6 15. g3 Nf5 16. Kg2 Be7 17. Bf4 Rdg8 18.
Rh1 Qd8 19. Qd2 Bh5 20. Rxh5 Rxh5 21. Nxf7 Qf8 22. Ngh6 Nxh6 23. Nxh6 Bg5 24. Nxg8 1-0